 Dungeon Crawl Stone Soup version 0.31-a0-1009-g454b1f1e0a (webtiles) character file.

Game seed: 3917878590789275812

3096 Ivernyr the Blocker (level 10, -10/79 HPs)
             Began as a Formicid Fighter on Nov 15, 2023.
             Was a Follower of Wu Jian.
             Killed from afar by a steam dragon (19 damage)
             ... with a ball of steam
             ... on level 8 of the Dungeon.
             The game lasted 00:11:44 (7889 turns).

Ivernyr the Blocker (Formicid Fighter)              Turns: 7889, Time: 00:11:44

Health: -10/79     AC: 10    Str: 31    XL:     10   Next: 13%
Magic:  4/10       EV:  9    Int:  8    God:    Wu Jian [*.....]
Gold:   433        SH: 13    Dex: 13    Spells: 9/9 levels left

rFire   . . .        a - +0 quarterstaff
rCold   . . .        c - +2 kite shield
rNeg    . . .        b - +0 scale mail
rPois   .            (helmet unavailable)
rElec   .            C - +0 cloak
rCorr   .            s - +0 pair of gloves {infuse}
SInv    +            (no boots)
Will    +....        (no amulet) Stlth
                     k - +4 ring of slaying
HPRegen 0.33/turn    g - +6 ring of strength
MPRegen 0.12/turn

%: infuse magic (1 MP)
@: no status effects
A: permanent stasis, dig shafts and tunnels, antennae 3, four strong arms
a: Dig, Shaft Self, Renounce Religion


You were on level 8 of the Dungeon.
You worshipped Wu Jian.
Wu Jian was aware of your devotion.
You visited 2 branches of the dungeon, and saw 9 of its levels.

You collected 433 gold pieces.

Inventory:

Hand Weapons
 a - a +0 quarterstaff (weapon)
Armour
 b - a +0 scale mail (worn)
 c - a +2 kite shield (worn)
 s - a +0 pair of gloves of infusion (worn)
 C - a +0 cloak (worn)
Jewellery
 g - a +6 ring of strength (right hand)
 k - a +4 ring of slaying (left hand)
 x - a ring of flight
Wands
 y - a wand of flame (20)
 B - a wand of charming (6)
Scrolls
 h - 3 scrolls of fear {unknown}
 i - a scroll of identify
 j - a scroll of brand weapon {unknown}
 n - 2 scrolls of poison {unknown}
 o - a scroll of enchant weapon
 q - a scroll of fog
Potions
 d - 3 potions of might
 e - 4 potions of heal wounds {unknown}
 f - a potion of mutation {unknown}
 m - 2 potions of ambrosia {unknown}
 p - a potion of lignification {unknown}
 r - 2 potions of degeneration {unknown}
 t - a potion of haste {unknown}
 z - a potion of cancellation {unknown}
 A - 2 potions of brilliance {unknown}


   Skills:
 + Level 7.3 Fighting
 * Level 8.8 Staves
 + Level 7.4 Armour
 + Level 8.8 Shields


You had 9 spell levels left.
You didn't know any spells.
Your spell library contained the following spells:

 Spells                   Type           Power      Damage    Failure   Level
 Apportation              Tloc           0%         N/A       78%         1
 Shock                    Conj/Air       0%         1d3       78%         1
 Sting                    Tmut/Pois      0%         1d3       78%         1
 Cigotuvi's Dreadful Rot  Necr/Pois/Air  0%         N/A       89%         2
 Jinxbite                 Hex            0%         N/A       89%         2
 Poisonous Vapours        Pois/Air       0%         N/A       89%         2
 Static Discharge         Conj/Air       0%         3-3/arc   89%         2
 Ignite Poison            Fire/Tmut/Pois 0%         N/A       98%         3
 Inner Flame              Hex/Fire       0%         N/A       98%         3
 Airstrike                Air            0%         2d(0-16)  100%        4
 Olgreb's Toxic Radiance  Pois           0%         N/A       100%        4
 Summon Lightning Spire   Summ/Air       0%         N/A       100%        4
 Alistair's Intoxication  Tmut/Pois      0%         N/A       100%        5
 Freezing Cloud           Conj/Ice/Air   0%         6-21      100%        5
 Yara's Violent Unravell  Hex/Tmut       0%         3d3       100%        5
 Enfeeble                 Hex            0%         N/A       100%        7
 Swiftness                Air            Unusable   N/A       N/A         3

Dungeon Overview and Level Annotations

Branches:
Dungeon (8/15)             Temple (1/1) D:6
   Lair: D:8-11

Altars:
Ashenzari
Cheibriados
Elyvilon
Hepliaklqana
Kikubaaqudgha
Makhleb
Nemelex Xobeh
Okawaru
Qazlal
Sif Muna
Uskayaw
Wu Jian
Xom
Yredelemnul
The Shining One

Shops:
D:5 *


Innate Abilities, Weirdness & Mutations

You cannot be hasted, slowed, berserked, paralysed or teleported.
You can dig through walls and to a lower floor.
You have a pair of large antennae on your head. (SInv)
Your four strong arms can wield two-handed weapons with a shield.


Message History

You block the orc wizard's attack.
The orc priest invokes the aid of Beogh against you.
Beogh smites you!
You bludgeon the orc priest!!
You kill the orc priest!
The Council accepts your kill.
The steam dragon bites you but does no damage.
The steam dragon claws you. You block the orc priest's attack.
The orc wizard casts a spell at you. The magic dart hits you.
You sock the orc priest!
The orc priest is almost dead.
You block the steam dragon's attack. The steam dragon barely misses you.
The orc priest hits you but does no damage.
You block the orc wizard's attack.
You completely miss the orc priest.
The orc priest is almost dead.
The steam dragon breathes steam at you. The ball of steam hits you!!
* * * LOW HITPOINT WARNING * * *
You block the orc priest's attack. The orc wizard barely misses you.
Unknown command.
You sock the orc priest!
You kill the orc priest!
The Council accepts your kill.
You are engulfed in a cloud of scalding steam.
The steam dragon bites you but does no damage.
The steam dragon claws you but does no damage.
The orc wizard points at you and mumbles some strange words.
You easily resist.
You spin and attack the orc.
You barely miss the orc.
You spin and attack the orc wizard.
You hit the orc wizard but do no damage.
The orc wizard is severely wounded.
The orc wizard casts a spell at you. You block the puff of flame.
You block the orc's attack.
You see here a +0 flail.
The steam dragon breathes steam at you. The ball of steam hits you!!
You die...

#.....#
.#######.###.###
.........# #...
#
########.###.###
.# #.....####..#
#.#.#.......#
#.#.##..##.##
###.#.##.)##.###
.......@D)......
##.....oo....###
...#####..####
### ,.)..# ....#
...... .>....#
#.......


You could see a steam dragon (catching breath), an orc wizard (invisible) and an
orc.

Vanquished Creatures
  A hornet (D:7)
  A steam dragon (D:7)
  3 orc warriors
  An ice beast (D:6)
  2 sky beasts
  2 black bears (D:7)
  4 centaurs
  A phantom (D:5)
  A bullfrog (D:6)
  2 scorpions
  3 wights (D:8)
  7 killer bees
  A howler monkey (D:7)
  7 orc priests
  4 hounds
  4 jellies
  2 sleepcaps (D:6)
  Terence (D:2)
  Jessica (D:3)
  4 iguanas (D:6)
  3 orc wizards
  4 gnolls (D:5)
  10 adders
  A shadow imp (D:8)
  2 ufetubi (D:6)
  2 worms
  5 dart slugs
  15 orcs
  7 ball pythons
  7 endoplasms
  2 giant cockroaches
  4 goblins (D:1)
  6 hobgoblins
  11 jackals
  3 quokkas
  7 bats
  4 frilled lizards
  5 kobolds
  5 rats
155 creatures vanquished.

Vanquished Creatures (others)
  2 orcs (D:8)
2 creatures vanquished.

Grand Total: 157 creatures vanquished

Notes
Turn   | Place    | Note
-------+----------+-------------------------------------------
     0 | D:1      | Ivernyr the Formicid Fighter began the quest for the Orb.
     0 | D:1      | Reached XP level 1. HP: 18/18 MP: 1/1
   149 | D:1      | Reached XP level 2. HP: 24/24 MP: 2/2
   362 | D:1      | Reached XP level 3. HP: 29/29 MP: 3/3
   724 | D:2      | Reached XP level 4. HP: 37/37 MP: 4/4
  1345 | D:2      | Found a faded altar of an unknown god.
  1462 | D:2      | Noticed Terence
  1469 | D:2      | Killed Terence
  1470 | D:2      | Reached XP level 5. HP: 36/42 MP: 5/5
  1673 | D:3      | Found an ancient bone altar of Kikubaaqudgha.
  1921 | D:3      | Reached skill level 5 in Shields
  2211 | D:3      | Noticed Jessica
  2213 | D:3      | Killed Jessica
  2214 | D:3      | Reached XP level 6. HP: 48/48 MP: 6/6
  2553 | D:4      | Identified the +1 dagger of the Viper {speed, rElec MP+9}
  2827 | D:4      | Found a hide-covered altar of Uskayaw.
  2884 | D:4      | Reached XP level 7. HP: 19/55 MP: 2/7
  3373 | D:5      | Entered Level 5 of the Dungeon
  3604 | D:5      | Found a white marble altar of Elyvilon.
  3667 | D:5      | Found Pokufif's Assorted Antiques.
  3695 | D:5      | Reached skill level 5 in Staves
  3699 | D:5      | Reached skill level 5 in Armour
  3736 | D:5      | Reached skill level 5 in Fighting
  3795 | D:5      | Reached XP level 8. HP: 51/62 MP: 4/8
  5351 | D:6      | Found a staircase to the Ecumenical Temple.
  5382 | Temple   | Entered the Ecumenical Temple
  5388 | Temple   | Became a worshipper of the Wu Jian Council
  5452 | D:6      | You fall into a shaft and drop 1 floor!
  5950 | D:6      | Reached XP level 9. HP: 69/69 MP: 4/9
  6218 | D:6      | Found a burning altar of Makhleb.
  6521 | D:7      | Noticed a hornet
  6532 | D:7      | Killed a hornet
  7645 | D:8      | Reached XP level 10. HP: 79/79 MP: 7/10
  7835 | D:8      | Reached * piety under Wu Jian
  7889 | D:8      | Killed from afar by a steam dragon

Illustrated notes

Levels and vault maps discovered:
D:1:      amcnicky_arrival_wind_blow, layout_basic, chequers_arboretum,
          dreamdust_princess_corridor
D:2:      layout_basic, ebering_ecumenical_altar_mist, dreamdust_wishing_well,
          chequers_serial_rivers_small_3, uniq_terence
D:3:      layout_loops_ring, mainiacjoe_overflow_brackets,
          kennysheep_jessica_study
D:4:      minmay_inner_zag, layout_loops_ring, eat_drink_and_be_merry_uskayaw
D:5:      layout_basic, mainiacjoe_overflow_cross_hatched,
          minmay_shop_grid_forest
D:6:      layout_basic, mainiacjoe_overflow_alcove_1,
          minmay_temple_entry_glassed_door, nrook_loot_triangle
D:7:      layout_layer_cave
D:8:      layout_loops_ring, lemuel_round_altar, fedhas_altar_1,
          mainiacjoe_overflow_alcove_4, kennysheep_another_room
Temple:   chequers_temple_sunken

Skill      XL: |  1  2  3  4  5  6  7  8  9 |
---------------+----------------------------+-----
Staves         | 3 4 5 6 8 |  8.8
Armour         | 4 5 6 7 |  7.4
Fighting       | 4 5 7 |  7.3
Shields        | 5 6 7 8 |  8.8

Action                     |  1- 3 |  4- 6 |  7- 9 | 10-12 || total
---------------------------+-------+-------+-------+-------++-------
  Melee: Quarterstaff      |   106 |   130 |   207 |    22 ||   465
Ability: Lunge             |       |       |    10 |     2 ||    12
         Shaft Self        |       |       |     1 |     1 ||     2
         Whirlwind         |       |       |       |     3 ||     3
    Use: Scroll            |       |       |     7 |       ||     7
         Potion            |       |       |     1 |       ||     1
 Armour: Scale mail        |    97 |    56 |   133 |    27 ||   313
  Dodge: Dodged            |    62 |    55 |    79 |     3 ||   199
  Block: Buckler           |    28 |     8 |       |       ||    36
         Kite shield       |       |    34 |   142 |    16 ||   192

Table legend: (Time is in decaauts)
 A = Elapsed time spent in this place.
 B = Non-inter-level travel time spent in this place.
 C = Inter-level travel time spent in this place.
 D = Time resting spent in this place.
 E = Time spent auto-exploring this place.
 F = Levels seen in this place.
 G = Mean time per level.
                   A        B        C        D        E       F      G
               +--------+--------+--------+--------+--------+-----+--------+
         Total |   7954 |   7684 |    270 |    927 |   5454 |   9 |  883.8 |
       Dungeon |   7938 |   7668 |    270 |    927 |   5454 |   8 |  992.2 |
        Temple |     15 |     15 |      0 |      0 |      0 |   1 |   15.0 |
               +--------+--------+--------+--------+--------+-----+--------+

Top non-repeatable levels by time:
     D:5: 1507 daAuts
     D:7: 1483 daAuts
     D:6: 1250 daAuts
     D:4: 1058 daAuts
     D:2: 935 daAuts
     D:3: 751 daAuts
     D:1: 681 daAuts
     D:8: 270 daAuts
  Temple: 15 daAuts
